 Dungeon Crawl Stone Soup version 0.29.0-5-ge4962eb29e (webtiles) character file.

Game seed: 14355080452178614257

4409 SnakkuSnakku7 the Skirmisher (level 10, -3/53 HPs)
             Began as a Tengu Warper on Aug 28, 2022.
             Was a High Priest of Ignis.
             Slain by a basilisk (7 damage)
             ... while petrified by a basilisk
             ... on level 9 of the Dungeon.
             The game lasted 00:25:03 (11445 turns).

SnakkuSnakku7 the Skirmisher (Tengu Warper)        Turns: 11445, Time: 00:25:04

Health: -3/53      AC:  5    Str: 13    XL:     10   Next: 36%
Magic:  14/14      EV:  2    Int: 14    God:    Ignis [*****.]
Gold:   554        SH:  0    Dex: 22    Spells: 13/13 levels left

rFire   + . .      SeeInvis .   a - +0 shortbow
rCold   . . .      Faith    .   (shield currently unavailable)
rNeg    + + +      Spirit   .   f - +0 ring mail
rPois   ∞          Reflect  .   (helmet restricted)
rElec   .          Harm     .   (no cloak)
rCorr   .          Rampage  .   (no gloves)
Will    .....                   (boots unavailable)
Stlth   +.........              (no amulet)
HPRegen 0.17/turn               o - +6 ring of dexterity
MPRegen 0.14/turn               G - +4 ring of evasion

@: petrified, flying quickly and evasively, quick
A: beak, talons 3, nimble flight
a: Renounce Religion, Fiery Armour, Foxfire Swarm, Rising Flame


You were on level 9 of the Dungeon.
You worshipped Ignis.
Ignis was extremely pleased with you.
You visited 1 branch of the dungeon, and saw 9 of its levels.
You also visited: Sewer and Ossuary.

You collected 554 gold pieces.

Inventory:

Hand Weapons
 a - a +0 shortbow (weapon)
 s - a +0 spear
Missiles
 d - 7 boomerangs of dispersal
 g - 6 javelins
 q - 22 poisoned darts
 E - 5 boomerangs
 I - a curare-tipped dart
 N - 2 throwing nets
 O - 3 silver boomerangs
Armour
 b - a +0 leather armour
 f - a +0 ring mail (worn)
 J - a +0 plate armour
Jewellery
 o - a +6 ring of dexterity (left hand)
 G - a +4 ring of evasion (right hand)
 K - an amulet of reflection
Wands
 t - a wand of charming (6)
 u - a wand of digging (13)
 w - a wand of iceblast (6)
 M - a wand of acid (4)
Scrolls
 c - a scroll of blinking
 h - 5 scrolls of identify {unknown}
 j - a scroll of fog {unknown}
 m - 4 scrolls of teleportation
 n - 2 scrolls of acquirement {unknown}
 v - 2 scrolls of enchant weapon {unknown}
 x - a scroll of torment {unknown}
 y - a scroll of summoning
 C - 5 scrolls of amnesia {unknown}
 D - a scroll of poison {unknown}
 F - a scroll of noise {unknown}
 H - a scroll of immolation {unknown}
 Q - a scroll of brand weapon {unknown}
Potions
 e - a potion of magic {unknown}
 i - 3 potions of brilliance {unknown}
 k - 5 potions of resistance {unknown}
 l - a potion of invisibility {unknown}
 p - 2 potions of heal wounds
 r - 4 potions of curing {unknown}
 z - 2 potions of berserk rage {unknown}
 A - 2 potions of haste {unknown}
 B - 2 potions of ambrosia {unknown}
 L - 2 potions of degeneration {unknown}
 P - a potion of might {unknown}


   Skills:
 - Level 2.0 Fighting
 - Level 6.4 Polearms
 + Level 14.3 Ranged Weapons
 - Level 2.9 Throwing
 - Level 1.1 Armour
 - Level 2.1 Dodging
 - Level 2.0 Spellcasting
 - Level 2.4 Translocations


You had 13 spell levels left.
You didn't know any spells.
Your spell library contained the following spells:

 Spells                   Type           Power      Damage    Failure   Level
 Blink                    Tloc           16%        N/A       28%         2
 Freeze                   Ice            4%         1d3       45%         1
 Gell's Gravitas          Tloc           8%         N/A       50%         3
 Lesser Beckoning         Tloc           8%         N/A       50%         3
 Teleport Other           Tloc           8%         N/A       50%         3
 Ensorcelled Hibernation  Hex/Ice        2%         N/A       58%         2
 Frozen Ramparts          Ice            2%         1d1       83%         3
 Spider Form              Tmut/Pois      1%         N/A       83%         3
 Airstrike                Air            0%         2d(1-17)  99%         4
 Anguish                  Hex/Necr       0%         N/A       99%         4
 Cause Fear               Hex            0%         N/A       99%         4
 Hailstorm                Conj/Ice       1%         3d3       99%         4
 Summon Lightning Spire   Summ/Air       1%         N/A       99%         4
 Manifold Assault         Tloc           8%         N/A       99%         5
 Lightning Bolt           Conj/Air       0%         1d11      100%        5
 Dragon Form              Tmut           0%         N/A       100%        7
 Dragon's Call            Summ           0%         N/A       100%        9


Dungeon Overview and Level Annotations

Branches:
Dungeon (9/15)             Temple (0/1) D:5           Sewer (visited)
Ossuary (visited)
   Lair: D:8-11         Orc: D:9-12

Altars:
Cheibriados
Kikubaaqudgha
Nemelex Xobeh
Qazlal
Vehumet
Ignis

Shops:
D:4 [

Annotations:
D:4 1 runed translucent door, relicbr's ghost, amateur MiGl


Innate Abilities, Weirdness & Mutations

You have a beak for a mouth.
You have claws for feet.
Your magical nature lets you fly swiftly and evasively.


Message History

The wyvern is severely wounded.
You shoot an arrow. The arrow closely misses the wyvern.
The arrow hits the basilisk but does no damage.
The wyvern hisses menacingly.
The wyvern bites you.
You shoot an arrow. The arrow closely misses the wyvern.
The arrow hits the basilisk!
The basilisk is moderately wounded.
The wyvern bites you!
You shoot an arrow. The arrow hits the wyvern!
The wyvern is almost dead.
The wyvern barely misses you.
You shoot an arrow. The arrow hits the wyvern.
The wyvern is almost dead.
The wyvern hisses menacingly.
The wyvern misses you. The wyvern closely misses you.
You shoot an arrow. The arrow hits the wyvern.
You kill the wyvern!
Unknown command.
You shoot an arrow. The arrow hits the basilisk!
The basilisk is severely wounded.
The basilisk gazes at you.
You are slowing down.
You shoot an arrow. The arrow closely misses the basilisk.
The basilisk gazes at you. You resist with some effort.
Your limbs are stiffening.
You shoot an arrow. The arrow hits the basilisk.
The basilisk is severely wounded.
The basilisk gazes at you.
Your limbs have turned to stone.
You have turned to stone.
The basilisk bites you! x4
* * * LOW HITPOINT WARNING * * *
The basilisk bites you.
* * * LOW HITPOINT WARNING * * *
The basilisk gazes at you. You resist with some effort. The basilisk bites you!
* * * LOW HITPOINT WARNING * * *
The basilisk bites you!
You die...

..######)#.#.#.#
#<......(#.#.#
######.#..>#.#
.######.#.#.#.###
.......)#.#.#....
#########.#......
..#......
#############......
#.@l.....[.........
#.############.....
#.# #...).. #.#
#...... #.# #.#....
#.###########.#.###
#.............#.#
###############.#
.#


You could see a basilisk.

Vanquished Creatures
  A centaur warrior (D:9)
  Prince Ribbit (D:6)
  A wyvern (D:9)
  4 yaks (D:7)
  A steam dragon (D:9)
  Menkaure (D:6)
  A water moccasin (D:8)
  2 ice beasts
  A sky beast (D:8)
  A black bear (D:7)
  2 ogres (D:5)
  A centaur (D:7)
  A phantom (D:5)
  2 kobold brigands
  An elf zombie (Ossuary)
  A necrophage (D:7)
  2 bullfrogs
  A gnoll sergeant (D:7)
  6 wights
  3 howler monkeys
  A centaur zombie (Ossuary)
  2 human zombies (Ossuary)
  2 hounds
  3 orc priests
  3 jellies
  3 iguanas
  8 orc wizards
  2 mummies (Ossuary)
  4 adders
  4 gnolls (D:7)
  A river rat (Sewer)
  4 shadow imps
  2 white imps
  9 ufetubi
  An adder zombie (Ossuary)
  2 worms (D:2)
  5 dart slugs
  35 orcs
  10 endoplasms
  4 giant cockroaches
  6 goblins
  5 hobgoblins
  6 jackals
  11 kobolds
  2 quokkas
  7 ball pythons
  3 bats
  2 frilled lizards
  A goblin zombie (Ossuary)
  8 hobgoblin zombies (Ossuary)
  2 jackal zombies (Ossuary)
  13 kobold zombies (Ossuary)
  7 orc zombies (Ossuary)
  10 rats
  A rat zombie (Ossuary)
223 creatures vanquished.

Vanquished Creatures (others)
  A demonic plant (D:8)
  2 fungi (D:9)
  2 plants (D:9)
5 creatures vanquished.

Grand Total: 228 creatures vanquished

Notes
Turn   | Place    | Note
-------+----------+-------------------------------------------
     0 | D:1      | SnakkuSnakku7 the Tengu Warper began the quest for the Orb.
     0 | D:1      | Reached XP level 1. HP: 12/12 MP: 4/4
   452 | D:1      | Reached XP level 2. HP: 8/17 MP: 6/6
  1061 | D:2      | Reached XP level 3. HP: 20/21 MP: 7/7
  1447 | D:2      | Found a faded altar of an unknown god.
  1456 | D:2      | Prayed at the altar of an unknown god.
  1456 | D:2      | Became a worshipper of Ignis, the Dying Flame
  1616 | D:2      | Reached XP level 4. HP: 26/26 MP: 8/8
  1883 | D:3      | Reached skill level 5 in Polearms
  2044 | D:3      | Gained mutation: Your magical nature lets you fly swiftly
                  | and evasively. [Tengu growth]
  2044 | D:3      | Reached XP level 5. HP: 30/30 MP: 9/9
  2047 | D:3      | Found a glowing drain.
  2066 | Sewer    | Entered a sewer
  2226 | Sewer    | Noticed a kobold brigand
  2249 | Sewer    | Killed a kobold brigand
  2279 | Sewer    | Found a white marble altar of Elyvilon.
  2348 | D:3      | You are sucked into a shaft and drop 3 floors!
  2384 | D:6      | Noticed a centaur
  2584 | D:7      | Reached XP level 6. HP: 26/35 MP: 10/10
  2729 | D:6      | Noticed an ice beast
  2737 | D:7      | Reached skill level 1 in Ranged Weapons
  2933 | D:8      | Found a stormy altar of Qazlal.
  2995 | D:8      | Noticed a yak
  3190 | D:6      | Found a radiant altar of Vehumet.
  3201 | D:6      | Found an ancient bone altar of Kikubaaqudgha.
  3235 | D:5      | Entered Level 5 of the Dungeon
  3316 | D:4      | Found a runed translucent door.
  3365 | D:4      | Found Odagh's Armour Shop.
  3427 | D:4      | Found a sand-covered staircase.
  3437 | Ossuary  | Entered an ossuary
  3505 | Ossuary  | Reached skill level 2 in Ranged Weapons
  3610 | Ossuary  | Reached skill level 3 in Ranged Weapons
  3610 | Ossuary  | Reached XP level 7. HP: 36/40 MP: 11/11
  3642 | Ossuary  | Reached skill level 4 in Ranged Weapons
  4167 | D:4      | Reached skill level 5 in Ranged Weapons
  4401 | D:4      | Noticed relicbr's ghost (amateur MiGl)
  4430 | D:4      | Found a sparkling altar of Nemelex Xobeh.
  4713 | D:4      | Found a snail-covered altar of Cheibriados.
  4964 | D:5      | Found a staircase to the Ecumenical Temple.
  5031 | D:5      | Reached skill level 6 in Ranged Weapons
  5037 | D:5      | Reached XP level 8. HP: 26/44 MP: 12/12
  5364 | D:5      | Reached skill level 7 in Ranged Weapons
  6046 | D:6      | Reached skill level 8 in Ranged Weapons
  6259 | D:6      | Noticed Menkaure
  6266 | D:6      | Killed Menkaure
  6439 | D:6      | Noticed Prince Ribbit
  6465 | D:6      | Killed Prince Ribbit
  6466 | D:6      | Reached skill level 9 in Ranged Weapons
  6881 | D:6      | Reached XP level 9. HP: 44/48 MP: 13/13
  7075 | D:6      | Reached skill level 10 in Ranged Weapons
  8400 | D:6      | Reached skill level 11 in Ranged Weapons
  9750 | D:7      | Reached skill level 12 in Ranged Weapons
 10578 | D:9      | Noticed a centaur warrior
 10829 | D:9      | Killed a centaur warrior
 10830 | D:9      | Reached skill level 13 in Ranged Weapons
 10830 | D:9      | Reached XP level 10. HP: 14/53 MP: 14/14
 11135 | D:8      | Reached skill level 14 in Ranged Weapons
 11445 | D:9      | Slain by a basilisk

Illustrated notes

Levels and vault maps discovered:
D:1:      matt_arrival_los_fun, layout_loops_ring
D:2:      layout_rooms, hellmonk_ecumenical_altar_zigzags, minmay_unequal
D:3:      layout_loops_ring, gup_sewer_entry_glass,
          minmay_fractal_squares_diagonal_5
D:4:      nicolae_cairo_tiling_large, layout_basic,
          nemelex_diamond_rough_becter, general_overflow_altar,
          ebering_ghost_reflecting_pool, serial_shops, shop, enter_ossuary_2
D:5:      layout_loops_cross, minmay_temple_entry_stoned_glass,
          palyth_stone_intersect, hangedman_abyss_or_decor_passed
D:6:      layout_loops_ring, mainiacjoe_overflow_catwalk_spiral, eino_curves_04,
          uniq_menkaure, uniq_prince_ribbit1
D:7:      layout_basic
D:8:      layout_rooms, mainiacjoe_overflow_tiny_flanked, enter_bailey_3,
          serial_demonic, serial_demonic_g, serial_demonic_e, serial_demonic_d,
          serial_demonic_b
D:9:      layout_basic, david_lair_generic, serial_shops, shop

Skill      XL: |  1  2  3  4  5  6  7  8  9 10 |
---------------+-------------------------------+-----
Polearms       | 3 4 5 6 |  6.4
Throwing       | 2 |  2.9
Ranged Weapons | 3 6 9 13 14 | 14.3
Fighting       | |  2.0
Armour         | |  1.1
Dodging        | |  2.1
Spellcasting   | |  2.0
Translocations | |  2.4

Action                   |  1- 3 |  4- 6 |  7- 9 | 10-12 || total
-------------------------+-------+-------+-------+-------++-------
Melee: Spear             |    73 |   232 |    77 |       ||   382
       Kick              |    18 |    59 |    35 |       ||   112
       Peck              |    11 |    24 |    20 |       ||    55
       Punch             |       |     2 |       |       ||     2
       Shortbow          |       |       |     1 |       ||     1
 Fire: Shortbow          |       |       |   427 |    67 ||   494
Invok: Fiery Armour      |       |       |     1 |       ||     1
Evoke: Wand              |       |       |    20 |     1 ||    21
  Use: Scroll            |       |     1 |       |       ||     1
       Potion            |       |       |     3 |       ||     3
Armor: Ring mail         |    19 |    44 |    90 |     5 ||   158
Dodge: Dodged            |    33 |   105 |   266 |    23 ||   427
